 Dungeon Crawl Stone Soup version 0.17-a0-562-gfd539b1 (console) character file.

191212 MarvinPA the Fencer (level 17, -1/140 HPs)
             Began as a Demigod Ice Elementalist on Apr 10, 2015.
             Slain by a merfolk
             ... wielding a cursed +0 halberd
              (30 damage)
             ... on level 3 of the Shoals on Apr 14, 2015.
             The game lasted 02:37:38 (56924 turns).

MarvinPA the Fencer (Demigod Ice Elementalist)     Turns: 56924, Time: 02:37:39

Health: -1/140     AC: 13    Str: 11    XL:     17   Next: 38%
Magic:  17/35      EV: 13    Int: 29    God:
Gold:   72         SH:  0    Dex: 18    Spells: 10 memorised, 4 levels left

rFire  + . .     SeeInvis .     a - +8 double sword (freeze)
rCold  + . .     Clarity  .     O - +2 robe {rC+ rF+}
rNeg   . . .     SustAb   +     D - +1 buckler {AC+3}
rPois  .         Gourm    .     Q - +2 helmet
rElec  .         Spirit   .     l - +0 cloak (curse)
rCorr  .         Warding  .     k - +0 pair of gloves
rMut   .         Stasis   .     B - +0 pair of boots
MR     ++...                    e - amulet of regeneration
Stlth  ++........               U - ring of protection from magic
                                t - +5 ring of evasion

@: held, very resistant to hostile enchantments, unstealthy
A: agile 1, high mp 1, sustain abilities
a: no special abilities


You were on level 3 of the Shoals.
You were hungry.

You visited 4 branches of the dungeon, and saw 30 of its levels.

You collected 3359 gold pieces.
You spent 3287 gold pieces at shops.


Innate Abilities, Weirdness & Mutations

You have an increased reservoir of magic (+10% MP).
Your attributes are resistant to harm.
You are agile. (Dex +2)


   Skills:
 - Level 10.0 Fighting
 - Level 15.0 Long Blades
 - Level 10.1 Dodging
 - Level 1.7 Stealth
 - Level 4.0 Shields
 - Level 9.5 Spellcasting
 + Level 11.3 Conjurations
 - Level 7.0 Charms
 - Level 3.0 Summonings
 - Level 12.0 Ice Magic
 + Level 4.2 Air Magic


You had 4 spell levels left.
You knew the following spells:

 Your Spells              Type           Power        Failure   Level  Hunger
a - Ozocubu's Armour      Chrm/Ice       ######..     1%          3    None
c - Throw Icicle          Conj/Ice       ######..     1%          4    None
e - Apportation           Tloc           ##........   4%          1    None
h - Haste                 Chrm           ######..     38%         6    #####..
v - Lightning Bolt        Conj/Air       ######....   6%          5    ####...
x - Magic Dart            Conj           ####         1%          1    None
z - Freeze                Ice            ####         1%          1    None
C - Summon Ice Beast      Ice/Summ       ######..     1%          4    None
R - Summon Butterflies    Summ           ####....     1%          1    None
X - Iskenderun's Battles  Conj/Chrm      ######..     2%          5    ####...

Inventory:

Hand weapons
 a - a +8 double sword of freezing (weapon)
 w - a +0 blowgun
Missiles
 n - 15 curare-tipped needles {=f}
Armour
 k - a +0 pair of gloves (worn)
 l - a cursed +0 cloak (worn)
 B - a +0 pair of boots (worn)
 D - a +1 buckler of protection (worn)
 O - a +2 robe of resistance (worn)
 Q - a +2 helmet (worn)
Magical staves
 b - an uncursed staff of wizardry {!a}
Jewellery
 e - an amulet of regeneration (around neck)
 s - an uncursed ring of flight
 t - a +5 ring of evasion (left hand)
 U - a ring of protection from magic (right hand)
 V - an uncursed ring of see invisible
Magical devices
 p - a wand of digging (5)
 q - a wand of heal wounds (5) {!d@v2}
 y - a wand of paralysis (0)
 A - a wand of disintegration (11)
 J - a wand of cold (6)
 T - a wand of teleportation (6) {!d@v4}
Scrolls
 h - 5 scrolls of identify {@r1}
 m - 6 scrolls of remove curse
 r - a scroll of fog
 u - 5 scrolls of immolation {!r}
 x - 4 scrolls of blinking
 C - 2 scrolls of fear
 K - a scroll of magic mapping
Potions
 f - 2 potions of might
 g - 3 potions of curing {@q1}
 i - a potion of agility
 v - 5 potions of brilliance
 E - a potion of magic
 I - 3 potions of ambrosia {!q}
 M - a potion of resistance
Comestibles
 c - 8 bread rations
 d - 6 chunks of flesh

Dungeon Overview and Level Annotations

Branches:
Dungeon (15/15)            Temple (0/1) D:6            Lair (8/8) D:10
  Swamp (0/5) Lair:5       Shoals (3/5) Lair:3        Snake (0/5) Lair:4
  Slime (0/6) Lair:7          Orc (4/4) D:11            Elf (0/3) Orc:3
 Vaults (0/5) D:13         Depths (0/5) D:15

Shops:
D:15 ![?   Orc:1 (   Orc:3 [   Orc:4 [(*:   Shoals:1 =*?[!

Annotations:
D:2 Sigmund
Lair:7 1 runed door

≈≈≈ .≈≈≈≈≈≈≈≈
..≈≈≈≈≈≈≈≈≈
..≈≈≈≈≈≈≈≈≈≈.
...≈≈≈≈≈≈≈≈≈..#
##.≈≈≈≈≈≈≈≈≈..#
#≈≈≈≈....m≈≈≈..
≈≈≈≈≈H.....≈≈≈≈≈≈
≈≈...m.Yp≈.≈≈≈≈≈≈
≈......mHcY≈≈≈≈≈≈
..<.≈≈≈.m≈≈..≈≈
....≈≈≈..≈≈....
≈..≈≈...(≈≈....
≈≈≈≈≈≈.....≈...≈?
.≈≈≈≈≈..<......≈≈
.≈≈≈≈≈≈........≈≈
≈≈≈≈≈≈≈≈.E....≈


You could see a griffon, 3 merfolk, a faun, a manticore, a siren and 2 friendly
ice beasts.


Message History

Your ice beast hits the merfolk but does no damage.
Unknown command.
Drink which item? (? for menu, Esc to quit)
You feel much better. The merfolk barely misses you.
The griffon barely misses you. The griffon pecks you!
* * * LOW HITPOINT WARNING * * *
The griffon claws you.
* * * LOW HITPOINT WARNING * * *
The faun hits you but does no damage. The merfolk barely misses you.
Your ice beast hits the griffon but does no damage.
The merfolk barely misses you.
Your ice beast hits the faun.
Your ice beast freezes the faun!
Your ice beast hits the merfolk.
Your ice beast freezes the merfolk!!
Unknown command.
Here: a merfolk, wielding a halberd (heavily wounded)
The floor.
Unknown command.
You try to slip out of the net.
The griffon bites you but does no damage.
The griffon pecks you but does no damage.
The griffon closely misses you.
The merfolk hits you from afar with a trident!
* * * LOW HITPOINT WARNING * * *
The faun hits you with an uncursed spear!
* * * LOW HITPOINT WARNING * * *
The siren hits your ice beast with a trident!
Your ice beast dies!
Your ice beast hits the griffon.
Your ice beast freezes the griffon!
Your ice beast barely misses the faun.
The merfolk hits you with a halberd!!
You die...

Action                   |  1- 3 |  4- 6 |  7- 9 | 10-12 | 13-15 | 16-18 || total
-------------------------+-------+-------+-------+-------+-------+-------++-------
Melee: Quarterstaff      |    17 |    46 |    53 |     4 |       |       ||   120
       Unarmed           |     1 |       |       |       |       |       ||     1
       Dagger            |       |       |       |    91 |    60 |       ||   151
       Double sword      |       |       |       |       |   174 |   588 ||   762
Throw: Stone             |       |     8 |       |       |       |       ||     8
 Cast: Freeze            |    57 |    51 |   131 |   409 |   481 |    14 ||  1143
       Throw Frost       |    19 |    58 |   139 |   122 |       |       ||   338
       Throw Icicle      |       |     1 |    37 |   173 |   417 |   219 ||   847
       Summon Ice Beast  |       |       |     7 |    44 |   239 |   140 ||   430
       Ozocubu's Armour  |       |       |     1 |    19 |    34 |    48 ||   102
       Magic Dart        |       |       |       |    59 |   148 |    29 ||   236
       Iskenderun's Batt |       |       |       |    16 |    15 |    10 ||    41
       Mephitic Cloud    |       |       |       |     9 |       |     1 ||    10
       Apportation       |       |       |       |       |     1 |       ||     1
       Lightning Bolt    |       |       |       |       |       |     1 ||     1
Evoke: Wand              |       |       |     3 |     6 |    12 |     4 ||    25
  Use: Scroll            |       |     5 |    16 |    12 |    14 |    10 ||    57
       Potion            |       |       |       |     4 |     7 |     9 ||    20
 Stab: Paralysed         |       |       |       |     1 |     3 |       ||     4
       Distracted        |       |       |       |       |     4 |     3 ||     7
  Eat: Chunk             |     5 |    11 |    19 |    42 |    49 |    31 ||   157
       Bread ration      |       |       |     2 |     1 |     2 |       ||     5
       Royal jelly       |       |       |       |     2 |     1 |       ||     3
       Fruit             |       |       |       |     6 |       |     5 ||    11
       Meat ration       |       |       |       |     1 |     1 |     1 ||     3
       Beef jerky        |       |       |       |       |     1 |     1 ||     2

Vault maps used:
D:1:      dpeg_arrival_round_b
D:2:      serial_undead, serial_undead_a, serial_undead_f, serial_undead_a,
          serial_undead_e, serial_undead_b, serial_undead_a, first_bread,
          grunt_decor_fettered, minmay_item_behind_shaft, uniq_sigmund
D:3:      kennysheep_minor_cross, uniq_grinder
D:4:      nicolae_overflow_hidden_temple, grunt_dithmenos_smoke
D:5:      kennysheep_little_box, amethyst_overflow_temple_binary, st_stairs_8
D:6:      minmay_temple_entry_glass, hangedman_decor_push,
          minmay_strange_pillars
D:8:      nicolae_qazlal_general_emergency, kiku_gazebo_pond_becter,
          kennysheep_mini_moat, uniq_joseph
D:9:      hangedman_fish_farm, minmay_orc_keep, uniq_pikel
D:10:     minmay_lair_entry_lava, basic_altar, grunt_ministairs_5, st_stairs_4
D:11:     erik_orc_2, nicolae_ru_the_path_less_chosen
D:12:     lemuel_jelly_drop_a, uniq_kirke, uniq_josephine
D:13:     david_vaults_4
D:14:     minmay_containers, basic_altar, minmay_misc_feat_chi, st_stairs_7,
          stair_cage_line
D:15:     hangedman_spin_cycle
Lair:1:   minivault_25, nicolae_quartered_pool_super, minivault_27
Lair:2:   beast_lair_carwin_large_2, st_stairs_9, grunt_megastairs_1,
          bh_autumn_forest_stairs, uniq_nergalle
Lair:3:   elwin_shoals_entry_rocks, serial_bayou_shore_b, lemuel_fruit_tree
Lair:4:   guppyfry_snake_entry_island
Lair:5:   minmay_swamp_entry_worms, minivault_23, minivault_27,
          serial_bayou_lagoon_a
Lair:6:   bobbens_ice_dragon_lair
Lair:7:   slime_altar_2
Lair:8:   evilmike_catoblepas_cave, wad_woods_road_01
Shoals:1: serial_shops, nicolae_shop_trees, shop, nicolae_shop_waterfront, shop,
          nicolae_shop_stone, uniq_nikola
Shoals:2: hangedman_shoals_cup_caves
Shoals:3: nicolae_shoals_arrival_archipelago
Orc:1:    serial_shops, nicolae_shop_stone, nicolae_orc_lava_tube,
          small_statue_alley_c, sword_in_stone, uniq_erica
Orc:2:    basic_altar
Orc:3:    serial_shops, shop, nicolae_orc_pool_cavern
Orc:4:    grunt_orc_gardens, grunt_orc_garden, grunt_orc_garden,
          grunt_orc_garden, grunt_orc_garden, rock_pile, uniq_saint_roka

Notes
Turn   | Place    | Note
--------------------------------------------------------------
     0 | D:1      | MarvinPA, the Demigod Ice Elementalist, began the quest for the Orb.
     0 | D:1      | Reached XP level 1. HP: 14/14 MP: 5/5
   168 | D:1      | Reached skill level 2 in Spellcasting
   319 | D:1      | Reached skill level 3 in Ice Magic
   319 | D:1      | Reached XP level 2. HP: 20/20 MP: 3/7
   400 | D:1      | Learned a level 2 spell: Throw Frost
  1413 | D:2      | Reached XP level 3. HP: 18/26 MP: 4/9
  1687 | D:2      | Noticed Sigmund
  2066 | D:2      | Reached skill level 3 in Spellcasting
  2066 | D:2      | Reached XP level 4. HP: 33/33 MP: 2/11
  2142 | D:3      | Learned a level 3 spell: Ozocubu's Armour
  2366 | D:2      | Reached skill level 1 in Conjurations
  2983 | D:3      | Noticed Grinder
  3068 | D:4      | Reached skill level 4 in Ice Magic
  3098 | D:4      | Noticed an ogre
  3147 | D:4      | Killed an ogre
  3147 | D:4      | Reached skill level 2 in Conjurations
  3147 | D:4      | Reached XP level 5. HP: 9/38 MP: 0/12
  3421 | D:4      | Found a shadowy altar of Dithmenos.
  3876 | D:4      | Found a shattered altar of Ashenzari.
  3980 | D:4      | Learned a level 4 spell: Throw Icicle
  4235 | D:5      | Entered Level 5 of the Dungeon
  4400 | D:5      | Reached skill level 3 in Conjurations
  4400 | D:5      | Reached XP level 6. HP: 42/45 MP: 5/13
  4511 | D:5      | Reached skill level 5 in Ice Magic
  4664 | D:5      | Noticed an ogre
  4670 | D:5      | Killed an ogre
  4692 | D:5      | Noticed an ogre
  4696 | D:5      | Killed an ogre
  4946 | D:5      | Reached skill level 4 in Conjurations
  5044 | D:5      | Reached XP level 7. HP: 41/50 MP: 14/14
  5239 | D:5      | Reached skill level 6 in Ice Magic
  5459 | D:5      | Found a snail-covered altar of Cheibriados.
  5497 | D:5      | Reached skill level 5 in Conjurations
  6285 | D:5      | Found a basalt altar of Yredelemnul.
  6285 | D:5      | Found a radiant altar of Vehumet.
  6323 | D:5      | Reached skill level 7 in Ice Magic
  6323 | D:5      | Reached XP level 8. HP: 46/57 MP: 2/15
  6635 | D:6      | Found a staircase to the Ecumenical Temple.
  6792 | D:6      | Reached skill level 6 in Conjurations
  6904 | D:6      | Reached skill level 4 in Spellcasting
  6904 | D:6      | Reached skill level 1 in Charms
  7842 | D:6      | Reached skill level 2 in Charms
  8305 | D:3      | Paralysed by Grinder for 5 turns
  8320 | D:3      | Killed Grinder
  8671 | D:4      | Reached skill level 5 in Spellcasting
  9015 | D:7      | Reached XP level 9. HP: 62/62 MP: 0/20
  9137 | D:7      | Learned a level 4 spell: Summon Ice Beast
  9596 | D:7      | Reached skill level 1 in Summonings
  9959 | D:8      | Reached skill level 2 in Summonings
  9998 | D:8      | Noticed stickyfingers's ghost (experienced CeSk)
 10005 | D:8      | ow
 10015 | D:8      | Killed stickyfingers's ghost
 10015 | D:8      | Reached skill level 6 in Spellcasting
 10215 | D:8      | Reached skill level 3 in Summonings
 10227 | D:8      | Found an ancient bone altar of Kikubaaqudgha.
 10255 | D:8      | Found a stormy altar of Qazlal.
 10273 | D:8      | Noticed Joseph
 10764 | D:8      | Reached skill level 8 in Ice Magic
 10981 | D:8      | Got a crystal whip
 10982 | D:8      | Identified the cursed +1 whip of the Hills {flame, rF+ rC- MR++ Dex+4} (You found it on level 8 of the Dungeon)
 11200 | D:8      | Found a shimmering altar of Xom.
 11504 | D:9      | Reached skill level 7 in Conjurations
 12090 | D:9      | Reached skill level 9 in Ice Magic
 12226 | D:9      | Noticed Pikel
 12243 | D:9      | Killed Pikel
 12243 | D:9      | Reached XP level 10. HP: 51/69 MP: 13/23
 12659 | D:9      | Reached skill level 8 in Conjurations
 12799 | D:9      | Learned a level 3 spell: Mephitic Cloud
 12973 | D:9      | Reached skill level 2 in Dodging
 13018 | D:9      | Reached skill level 1 in Air Magic
 13290 | D:10     | Entered Level 10 of the Dungeon
 13346 | D:10     | Reached skill level 2 in Air Magic
 13464 | D:10     | Found a staircase to the Lair.
 13718 | D:10     | Reached skill level 3 in Dodging
 14158 | D:10     | Reached skill level 3 in Air Magic
 14206 | D:10     | Found a bloodstained altar of Trog.
 14217 | D:10     | Reached skill level 4 in Dodging
 14864 | D:10     | Noticed a centaur warrior
 14871 | D:10     | Killed a centaur warrior
 14871 | D:10     | Reached skill level 1 in Fighting
 15135 | D:10     | Reached skill level 2 in Fighting
 15142 | D:10     | Reached skill level 5 in Dodging
 15423 | Lair:1   | Entered Level 1 of the Lair of Beasts
 15429 | Lair:1   | Reached skill level 3 in Fighting
 15643 | Lair:1   | Reached XP level 11. HP: 71/82 MP: 3/24
 15932 | Lair:1   | Noticed a death yak
 15957 | Lair:1   | Noticed a death yak
 15962 | Lair:1   | Noticed a death yak
 16020 | Lair:1   | Noticed a six-headed hydra
 16326 | Lair:1   | Reached skill level 4 in Fighting
 16652 | Lair:1   | Killed a six-headed hydra
 16652 | Lair:1   | Reached skill level 7 in Spellcasting
 17356 | Lair:1   | Killed a death yak
 17362 | Lair:1   | Killed a death yak
 17688 | Lair:1   | Killed a death yak
 17688 | Lair:1   | Reached skill level 10 in Ice Magic
 17916 | Lair:2   | Noticed Nergalle
 17926 | Lair:2   | Killed Nergalle
 18080 | Lair:2   | Reached skill level 9 in Conjurations
 18166 | Lair:2   | Noticed a seven-headed hydra
 18171 | Lair:2   | Killed a seven-headed hydra
 19410 | Lair:2   | o w
 19988 | Lair:2   | Upgraded the game from 0.17-a0-491-gbd49765 to 0.17-a0-512-gd6a67cc
 19994 | Lair:2   | Learned a level 5 spell: Iskenderun's Battlesphere
 20036 | Lair:1   | Learned a level 1 spell: Magic Dart
 20135 | Lair:3   | good
 20895 | Lair:3   | Found a staircase to the Shoals.
 20908 | Lair:3   | Reached XP level 12. HP: 93/93 MP: 21/27
 21354 | Lair:4   | Reached skill level 3 in Charms
 21765 | Lair:4   | Found a staircase to the Snake Pit.
 22073 | Lair:4   | Reached skill level 4 in Charms
 22677 | Lair:4   | Reached skill level 8 in Spellcasting
 23070 | Lair:4   | Reached skill level 10 in Conjurations
 23129 | Lair:5   | Found a staircase to the Swamp.
 23184 | Lair:5   | Reached skill level 5 in Charms
 23305 | Lair:5   | Noticed a seven-headed hydra
 23312 | Lair:5   | Killed a seven-headed hydra
 23804 | Lair:5   | Reached skill level 6 in Charms
 24602 | Lair:5   | Reached skill level 11 in Conjurations
 25097 | Lair:6   | Reached skill level 7 in Charms
 25760 | Lair:6   | Noticed an ice dragon
 26110 | Lair:5   | Reached skill level 11 in Ice Magic
 26420 | Lair:7   | Found a runed door.
 26439 | Lair:7   | Found a viscous altar of Jiyva.
 26441 | Lair:7   | Found a staircase to the Slime Pits.
 26441 | Lair:7   | Noticed an acid blob
 26442 | Lair:7   | Noticed an acid blob
 26445 | Lair:7   | hi
 26466 | Lair:7   | Got a smoking trident
 26607 | Lair:7   | Reached XP level 13. HP: 99/99 MP: 29/30
 26786 | Lair:6   | Noticed nubinia's ghost (powerful GrEE)
 26789 | Lair:6   | ouch
 27346 | D:11     | Noticed Somebody's ghost (experienced TrMo)
 27362 | D:11     | Killed Somebody's ghost
 28327 | D:11     | Found a sacrificial altar of Ru.
 28563 | D:11     | Found a staircase to the Orcish Mines.
 28802 | Orc:1    | Entered Level 1 of the Orcish Mines
 28825 | Orc:1    | Reached skill level 9 in Spellcasting
 29319 | Orc:1    | Noticed Erica
 29408 | Orc:1    | Found Uptaucuph's Weapon Emporium.
 29441 | Orc:1    | Killed Erica
 29525 | D:11     | hm
 30186 | Orc:1    | Identified a potion of resistance
 30198 | Orc:1    | Identified a +2 robe of the Archmagi (You took it off Erica on level 1 of the Orcish Mines)
 30485 | Orc:2    | Found a shimmering altar of Xom.
 31337 | Orc:3    | Found Jaoqaon's Armour Emporium.
 31639 | Orc:3    | Bought a +1 robe of resistance for 523 gold pieces
 31744 | Orc:3    | Found a staircase to the Elven Halls.
 32151 | Orc:4    | Entered Level 4 of the Orcish Mines
 32166 | Orc:4    | Noticed Saint Roka
 32376 | Orc:4    | Reached skill level 12 in Ice Magic
 32465 | Orc:4    | Reached skill level 5 in Fighting
 32637 | Orc:4    | Found Gach's Antique Weapon Boutique.
 32892 | Orc:4    | Noticed an orc warlord
 32938 | Orc:4    | Reached skill level 1 in Shields
 33188 | Orc:4    | Reached skill level 2 in Shields
 33463 | Orc:4    | Killed an orc warlord
 33917 | Orc:4    | Found Enoramp's Book Shoppe.
 34065 | Orc:4    | Found Salaa's Antique Armour Boutique.
 34073 | Orc:4    | Bought a polished cloak for 247 gold pieces
 34083 | Orc:4    | Identified the cursed -4 cloak "Hiffiq" {MR+} (You bought it in a shop on level 4 of the Orcish Mines)
 34083 | Orc:4    | ok
 34095 | Orc:4    | Reached skill level 6 in Fighting
 34095 | Orc:4    | Reached skill level 3 in Shields
 34851 | Orc:4    | Bought a book of Party Tricks for 750 gold pieces
 35440 | Orc:4    | Reached skill level 4 in Shields
 35831 | Orc:1    | Learned a level 1 spell: Apportation
 36016 | Lair:1   | Learned a level 1 spell: Summon Butterflies
 36128 | Lair:7   | Reached skill level 1 in Long Blades
 36365 | Lair:7   | Reached skill level 2 in Long Blades
 36805 | Lair:7   | Reached skill level 3 in Long Blades
 37148 | Lair:7   | Reached skill level 4 in Long Blades
 37269 | Lair:8   | Entered Level 8 of the Lair of Beasts
 37710 | Lair:8   | Reached skill level 5 in Long Blades
 37710 | Lair:8   | Reached XP level 14. HP: 111/111 MP: 21/32
 38349 | Lair:8   | Reached skill level 6 in Long Blades
 39189 | Lair:8   | Reached skill level 7 in Long Blades
 39675 | Lair:8   | Reached skill level 8 in Long Blades
 39775 | Lair:8   | Identified the Disquisition on Spatial Companions
 40896 | Lair:6   | Killed nubinia's ghost
 41176 | Lair:6   | Killed an ice dragon
 41391 | D:12     | Reached skill level 9 in Long Blades
 41521 | D:12     | Noticed Josephine
 41556 | D:12     | Killed Josephine
 42742 | D:12     | Killed Kirke
 42742 | D:12     | Reached skill level 10 in Long Blades
 42745 | D:12     | oh
 43816 | D:13     | Identified a wand of heal wounds
 43817 | D:13     | good
 44290 | D:13     | Reached skill level 7 in Fighting
 44294 | D:13     | Reached skill level 6 in Dodging
 45092 | D:12     | Gained mutation: Scrolls take you a little longer to read. [a shining eye]
 45409 | D:13     | Found a gate to the Vaults.
 46203 | D:14     | Reached skill level 7 in Dodging
 46210 | D:14     | Reached skill level 8 in Fighting
 46216 | D:14     | HP: 4/115 [cyan ugly thing (17)]
 46588 | D:14     | Reached XP level 15. HP: 111/121 MP: 10/33
 46860 | D:14     | Noticed a sphinx
 46862 | D:14     | Noticed a sphinx
 46862 | D:14     | uh
 46903 | D:14     | woops
 47202 | D:13     | Upgraded the game from 0.17-a0-512-gd6a67cc to 0.17-a0-547-g5e20af8
 47287 | Lair:1   | Lost mutation: Scrolls take you a little longer to read. [potion of cure mutation]
 47343 | Shoals:1 | Entered Level 1 of the Shoals
 47471 | Shoals:1 | Upgraded the game from 0.17-a0-547-g5e20af8 to 0.17-a0-562-gfd539b1
 47471 | Shoals:1 | Identified a potion of experience
 47472 | Shoals:1 | nice
 47472 | Shoals:1 | Reached skill level 9 in Fighting
 47472 | Shoals:1 | Reached skill level 11 in Long Blades
 47472 | Shoals:1 | Reached XP level 16. HP: 130/132 MP: 34/34
 47478 | Shoals:1 | Found Veats's Jewellery Emporium.
 47495 | Shoals:1 | Bought an uncursed amulet of regeneration for 480 gold pieces
 47706 | Shoals:1 | Found Daoh's General Store.
 47720 | Shoals:1 | Bought a potion of heal wounds for 70 gold pieces
 47720 | Shoals:1 | Bought 4 curare-tipped needles for 33 gold pieces
 47946 | Shoals:1 | Noticed Nikola
 47962 | Shoals:1 | Killed Nikola
 48305 | Shoals:1 | Found Guaris's Antique Armour Shoppe.
 48313 | Shoals:1 | HP: 12/134 [harpy (2)]
 48493 | Shoals:1 | Found Giro's Magic Scroll Boutique.
 48505 | Shoals:1 | Bought a scroll of fear for 52 gold pieces
 48505 | Shoals:1 | Bought 3 scrolls of enchant weapon for 337 gold pieces
 48518 | Shoals:1 | Found Irepli's Distillery.
 48543 | Shoals:1 | Bought a potion of heal wounds for 55 gold pieces
 48543 | Shoals:1 | Bought a potion of beneficial mutation for 385 gold pieces
 48543 | Shoals:1 | Gained mutation: You are agile. (Dex +2) [potion of beneficial mutation]
 48760 | Shoals:1 | Reached skill level 10 in Fighting
 49328 | Shoals:2 | Reached skill level 12 in Long Blades
 49972 | Shoals:2 | Reached skill level 8 in Dodging
 50620 | Shoals:2 | Reached skill level 9 in Dodging
 51530 | D:8      | Found an ancient bone altar of Kikubaaqudgha.
 51566 | D:8      | Killed Joseph
 51719 | Orc:4    | Found Vaxta's General Store.
 51790 | Orc:4    | Killed Saint Roka
 51790 | Orc:4    | Reached skill level 10 in Dodging
 52335 | D:14     | Found a shimmering altar of Xom.
 53117 | D:14     | Killed a sphinx
 53279 | D:15     | Entered Level 15 of the Dungeon
 53533 | D:15     | Found Cisicel's Antique Armour Shoppe.
 53548 | D:15     | Bought a runed helmet for 121 gold pieces
 53580 | D:15     | Reached skill level 13 in Long Blades
 53611 | D:15     | Got a pitted amber ring
 53614 | D:15     | Identified the ring of Puphu {rN+ Stlth+} (You found it on level 15 of the Dungeon)
 53852 | D:15     | Found Fimot's Magic Scroll Boutique.
 53865 | D:15     | Bought a scroll of blinking for 127 gold pieces
 53870 | D:15     | Identified a scroll of acquirement
 53946 | D:15     | Got a pitted lapis lazuli ring
 53950 | D:15     | Identified the ring "Yfapt" {+Fly MP-9 Int+4} (You found it on level 15 of the Dungeon)
 54219 | D:15     | Reached XP level 17. HP: 120/140 MP: 35/35
 54358 | D:15     | Noticed Azrael
 54370 | D:15     | Killed Azrael
 54861 | D:15     | Reached skill level 14 in Long Blades
 55102 | D:15     | Found a staircase to the Depths.
 55636 | D:15     | Got a scintillating glass ring
 55640 | D:15     | Identified the ring "Elir Ceu" {SustAb Dex+5} (You took it off a salamander stormcaller on level 15 of the Dungeon)
 55795 | D:15     | Found Xolextir's Distillery.
 55805 | D:15     | Bought a potion of heal wounds for 55 gold pieces
 55810 | D:15     | hi
 56331 | Lair:1   | Learned a level 6 spell: Haste
 56337 | Lair:1   | Learned a level 5 spell: Lightning Bolt
 56410 | Lair:3   | Reached skill level 15 in Long Blades
 56466 | Shoals:1 | Bought a scroll of amnesia for 52 gold pieces
 56803 | Shoals:2 | Reached skill level 4 in Air Magic
 56924 | Shoals:3 | Slain by a merfolk

Vanquished Creatures
  Nikola (Shoals:1)
  A sphinx (D:14)
  A storm dragon (D:15)
  A tengu reaver (D:15)
  Kirke (D:12)
  2 fire giants (D:15)
  A frost giant (D:15)
  The ghost of nubinia the Geomancer, a powerful GrEE of Sif Muna (Lair:6)
  An ettin (D:13)
  2 merfolk impalers (Shoals:2)
  Josephine (D:12)
  2 yaktaur captains
  3 vault guards (D:15)
  2 ice dragons
  8 hydras
  2 great orbs of eyes (D:15)
  5 centaur warriors
  5 catoblepae
  4 tengu warriors
  A merfolk aquamancer (Shoals:3)
  13 death yaks
  2 ogre magi (D:15)
  A salamander stormcaller (D:15)
  A deep troll shaman (D:15)
  7 orc high priests
  Nergalle (Lair:2)
  A deep troll (D:13)
  An unseen horror (D:14)
  A skeletal warrior (D:15)
  3 orc knights
  A swamp dragon (Lair:5)
  2 sea snakes
  Pikel (D:9)
  4 hill giants
  12 harpies
  A phantasmal warrior (D:13)
  A wolf spider zombie (D:15)
  4 fauns
  An orc sorcerer (Orc:4)
  5 water nymphs
  A shining eye (shapeshifter) (D:12)
  6 cyclopes
  6 griffons
  3 ugly things
  5 elephants
  5 manticores
  Joseph (D:8)
  8 sirens
  4 black mambas
  11 spiny frogs
  A gargoyle (D:13)
  4 tengu conjurers
  An efreet (D:15)
  4 yaktaurs (D:15)
  A kobold demonologist (D:15)
  3 fire drakes
  6 komodo dragons
  A wolf spider simulacrum (D:14)
  2 freezing wraiths (D:15)
  3 trolls
  16 merfolk
  Grinder (D:3)
  8 ravens
  A two-headed ogre (D:8)
  A boulder beetle (Orc:4)
  16 blink frogs
  11 slime creatures
  6 snapping turtles
  A trapdoor spider (D:10)
  A shadow (D:13)
  A fire elemental (Orc:1)
  3 centaur simulacra (D:15)
  A vampire (D:15)
  6 water elementals (Shoals:2)
  3 hogs (D:12)
  4 wraiths
  3 hungry ghosts
  3 basilisks
  4 wyverns
  13 hippogriffs
  3 deep elf magi
  31 yaks
  2 nagas (Lair:4)
  6 wolves
  2 vampire mosquitoes
  A steam dragon (D:8)
  5 swamp worms (Lair:5)
  5 mottled dragons
  14 water moccasins
  2 wargs
  A wasp (D:14)
  35 orc warriors
  3 eyes of draining
  A necrophage (D:12)
  22 ogres
  A slave (D:9)
  8 porcupines
  3 black bears
  4 boring beetles
  3 ice beasts
  A crocodile (shapeshifter) (D:13)
  3 boggarts (D:15)
  9 centaurs
  A sky beast (D:14)
  12 crocodiles
  2 big kobolds
  16 giant frogs
  2 brain worms (D:15)
  A wyvern skeleton (D:10)
  6 scorpions
  16 killer bees
  3 wights (D:14)
  5 electric eels
  A goliath beetle (D:7)
  8 crimson imps
  4 centaur zombies
  2 giant frog skeletons
  11 jellies
  12 hounds
  9 centaur skeletons
  20 orc priests
  28 orc wizards
  10 iguanas
  9 worker ants
  32 sheep
  3 gnolls (D:9)
  18 adders
  A shadow imp (D:10)
  2 white imps (Lair:6)
  27 river rats
  3 worms
  2 giant eyeballs (D:15)
  An adder zombie (D:2)
  3 adder skeletons
  2 giant geckos
  2 oozes
  154 orcs
  2 ball pythons
  14 bats
  2 bat skeletons
  2 bat zombies
  3 giant cockroaches
  26 hobgoblins
  7 jackals
  34 kobolds
  A giant gecko zombie (D:2)
  4 giant newts
  A giant spore (D:13)
  27 goblins
  14 quokkas
  3 quokka skeletons
  20 rats
  3 ballistomycetes
1043 creatures vanquished.

Vanquished Creatures (collateral kills)
  Saint Roka (Orc:4)
  An orc warlord (Orc:4)
  Azrael (D:15)
  2 merfolk impalers (Shoals:2)
  A vault guard (D:15)
  Erica (Orc:1)
  2 centaur warriors (D:15)
  10 death yaks
  A merfolk aquamancer (Shoals:2)
  2 tengu warriors
  The ghost of Somebody the Grappler, an experienced TrMo of Xom (D:11)
  The ghost of stickyfingers the Spear-Bearer, an experienced CeSk of Elyvilon (D:8)
  7 harpies
  A sea snake (Shoals:1)
  A necromancer (D:15)
  6 ugly things
  3 orc knights
  5 fauns
  A manticore (Shoals:1)
  A cyclops (D:15)
  An elephant (Lair:7)
  A spiny frog (Lair:8)
  A centaur skeleton (D:15)
  A tengu conjurer (D:15)
  2 komodo dragons
  A fire drake (Lair:7)
  3 yaktaurs (D:15)
  A troll (shapeshifter) (D:15)
  6 merfolk (Shoals:2)
  A snapping turtle (Shoals:2)
  6 slime creatures
  6 ravens
  A wraith (D:12)
  A water elemental (Shoals:2)
  18 yaks
  3 hogs (D:12)
  2 fire elementals (D:15)
  A hippogriff (Shoals:2)
  7 wolves
  A vampire mosquito (D:14)
  A mottled dragon (D:15)
  4 wargs
  2 hell hounds (D:15)
  13 orc warriors
  2 ogres
  A giant frog (D:15)
  2 killer bees (D:14)
  2 jellies (D:12)
  An electric eel (D:11)
  3 hounds
  5 orc priests
  13 orc wizards
  6 sheep (Lair:7)
  A white imp (Lair:6)
  57 orcs
  2 goblins
  A hobgoblin (Orc:3)
  2 jackals (D:8)
  2 plants
233 creatures vanquished.

Vanquished Creatures (others)
  A wolf spider simulacrum (D:15)
  A merfolk (Shoals:2)
  A centaur simulacrum (D:15)
  139 ice beasts
  A slave (D:9)
  An orc warrior (Orc:4)
  A hound (D:11)
  An adder (D:8)
  A shadow imp (D:9)
  An ufetubus (D:15)
  2 orcs (Orc:4)
  A giant spore (D:8)
  2 ballistomycetes (D:8)
  8 fungi
  21 plants
182 creatures vanquished.

Grand Total: 1458 creatures vanquished
